 Dungeon Crawl Stone Soup version 0.21.1-1-g345015fe64 (webtiles) character file.

111 Jannitor the Skirmisher (level 4, -3/61 HPs)
             Began as a Minotaur Monk on May 30, 2018.
             Slain by szakal1211's ghost (5 damage)
             ... on level 3 of the Dungeon.
             The game lasted 00:02:55 (3287 turns).

Jannitor the Skirmisher (Minotaur Monk)             Turns: 3287, Time: 00:02:55

Health: -3/61      AC: 22    Str: 16    XL:     4   Next: 62%
Magic:  3/3        EV:  2    Int: 12    God:
Gold:   95         SH:  0    Dex: 13    Spells: 3/3 levels left

rFire    . . .     SeeInvis .     - Unarmed
rCold    + . .     Gourm    .   (no shield)
rNeg     + + +     Faith    .   (armour currently unavailable)
rPois    +         Spirit   .   (helmet currently unavailable)
rElec    .         Reflect  .   (cloak currently unavailable)
rCorr    .         Harm     .   (gloves currently unavailable)
MR       .....     NoTele   +   (boots currently unavailable)
Stlth    +++.......             (no amulet)
HPRegen  0.20/turn              c - ring of protection from cold
MPRegen  0.08/turn              i - ring of stealth

@: brilliant, lethally poisoned (-3 -> -4), tree-form, very slightly
contaminated, invisible
A: (retaliatory headbutt), no potion heal 1
a: no special abilities


You were on level 3 of the Dungeon.
You were hungry.
You were a tree.
You visited 1 branch of the dungeon, and saw 3 of its levels.

You collected 95 gold pieces.

Inventory:

Jewellery
 c - a ring of protection from cold (left branch)
 i - a ring of stealth (right branch)
Scrolls
 a - a scroll of enchant armour {unknown}
 d - 3 scrolls of identify {unknown}
 e - a scroll of amnesia {unknown}
 g - 2 scrolls of teleportation {unknown}
 h - a scroll of noise {unknown}
 n - a scroll of remove curse {unknown}
 o - a scroll of blinking {unknown}
 q - a scroll of fog {unknown}
 s - a scroll of enchant weapon {unknown}
Potions
 f - a potion of flight
 j - a potion of agility {unknown}
 l - a potion of degeneration {unknown}
Comestibles
 b - 5 rations


   Skills:
 + Level 4.7 Fighting
 + Level 4.4 Dodging
 - Level 1.5 Stealth
 + Level 4.3 Unarmed Combat


You had 3 spell levels left.
You didn't know any spells.

Dungeon Overview and Level Annotations

Branches:
Dungeon (3/15)

Altars:
Elyvilon
Makhleb
Okawaru

Annotations:
D:2 Terence
D:3 szakal1211's ghost, amateur DrCj


Innate Abilities, Weirdness & Mutations

((You reflexively headbutt those who attack you in melee.))
((You have a pair of horns on your head.))
Potions are less effective at restoring your health.


Message History

The magic dart hits you!
* * * LOW HITPOINT WARNING * * *
You feel sick.
You feel sick.
You feel sick.
Szakal1211's ghost points at you and mumbles some strange words.
The magic dart hits you!
* * * LOW HITPOINT WARNING * * *
It was a potion of mutation.
You feel extremely strange.
You feel clumsy.
Your system partially rejects the healing effects of potions.
You feel agile.
It was a potion of invisibility.
You fade into invisibility!
You are very lightly contaminated with residual magic.
It was a potion of lignification.
You turn into a tree.
Your roots penetrate the ground.
* * * LOW HITPOINT WARNING * * *
You feel sick. Szakal1211's ghost hits you.
You die...

#.###...W..######
#................
#####.##...######
#.###### #.# #.#
#.# #.##########
#...W♣.....#
##########.# #.#
#.#######
#.......#
#######.# #.# #.#
#.#


You could see szakal1211's ghost.

Vanquished Creatures
  3 adders
  An ooze (D:2)
  6 worms
  3 dart slugs
  2 leopard geckos (D:2)
  2 ball pythons
  2 giant cockroaches (D:1)
  6 hobgoblins
  7 jackals (D:1)
  5 kobolds
  2 quokkas (D:2)
  5 bats
  2 frilled lizards
  2 goblins (D:2)
  8 rats
56 creatures vanquished.

Notes
Turn   | Place    | Note
-------+----------+-------------------------------------------
     0 | D:1      | Jannitor the Minotaur Monk began the quest for the Orb.
     0 | D:1      | Reached XP level 1. HP: 19/19 MP: 0/0
   856 | D:1      | Reached XP level 2. HP: 19/27 MP: 1/1
  1166 | D:1      | Found an iron altar of Okawaru.
  1383 | D:2      | Reached XP level 3. HP: 31/33 MP: 2/2
  2135 | D:2      | Found a burning altar of Makhleb.
  2155 | D:3      | Reached XP level 4. HP: 19/41 MP: 3/3
  2403 | D:2      | Noticed Terence
  3171 | D:3      | Found a white marble altar of Elyvilon.
  3264 | D:3      | Noticed szakal1211's ghost (amateur DrCj)
  3284 | D:3      | HP: 1/41 [szakal1211's ghost/magic dart (7)]
  3285 | D:3      | Gained mutation: You are clumsy. (Dex -2) [potion of mutation]
  3285 | D:3      | Gained mutation: Potions are less effective at restoring your health. [potion of mutation]
  3285 | D:3      | Lost mutation: You are clumsy. (Dex -2) [potion of mutation]
  3287 | D:3      | Slain by szakal1211's ghost

Skill      XL: |  1  2  3 |
---------------+----------+-----
Fighting       | 4 |  4.7
Dodging        | 4 |  4.4
Unarmed Combat | 4 |  4.3
Stealth        | |  1.5

Action                   |  1- 3 |  4- 6 || total
-------------------------+-------+-------++-------
Melee: Unarmed           |   101 |    33 ||   134
       Headbutt          |    15 |     6 ||    21
       Punch             |     1 |     2 ||     3
  Use: Potion            |       |     5 ||     5
 Stab: Sleeping          |     6 |     4 ||    10
  Eat: Chunk             |     3 |       ||     3
       Ration            |       |     1 ||     1
Dodge: Dodged            |    74 |    19 ||    93
